 Dungeon Crawl Stone Soup version 0.29-a0-495-g17b79114eb (webtiles) character file.

Game seed: 4663370852023412708

51 davecave the Skirmisher (level 3, 0/35 HPs)
             Began as a Hill Orc Gladiator on May 27, 2022.
             Constricted to death by a ball python (1 damage)
             ... on level 2 of the Dungeon.
             The game lasted 00:02:03 (1447 turns).

davecave the Skirmisher (Hill Orc Gladiator)        Turns: 1447, Time: 00:02:05

Health: 0/35       AC:  4    Str: 16    XL:     3   Next: 81%
Magic:  3/3        EV:  9    Int:  8    God:
Gold:   85         SH:  0    Dex: 14    Spells: 2/2 levels left

rFire   . . .      SeeInvis .   a - +0 war axe
rCold   + . .      Faith    .   (no shield)
rNeg    . . .      Spirit   .   o - +1 robe {rC+}
rPois   .          Reflect  .   c - +0 helmet
rElec   .          Harm     .   (no cloak)
rCorr   .          Rampage  .   (no gloves)
Will    .....                   (no boots)
Stlth   +.........              (no amulet)
HPRegen 0.11/turn               (no ring)
MPRegen 0.08/turn               (no ring)

@: constricted
A: no striking features
a: no special abilities


You were on level 2 of the Dungeon.
You visited 1 branch of the dungeon, and saw 2 of its levels.

You collected 85 gold pieces.

Inventory:

Hand Weapons
 a - a +0 war axe (weapon)
Missiles
 d - a throwing net (quivered)
 e - a javelin
Armour
 c - a +0 helmet (worn)
 o - a +1 robe of cold resistance (worn)
Scrolls
 b - a scroll of vulnerability {unknown}
 g - a scroll of immolation {unknown}
 h - 2 scrolls of identify {unknown}
 i - a scroll of enchant weapon {unknown}
 j - a scroll of fear {unknown}
 k - a scroll of teleportation {unknown}
 l - a scroll of enchant armour {unknown}
 n - a scroll of silence {unknown}
Potions
 f - 2 potions of curing {unknown}
 m - a potion of attraction {unknown}
 p - a potion of heal wounds {unknown}
 q - a potion of lignification {unknown}
 r - a potion of might


   Skills:
 + Level 4.9 Fighting
 - Level 4.0 Axes
 - Level 1.7 Throwing
 - Level 2.4 Dodging


You had 2 spell levels left.
You didn't know any spells.
Your spell library was empty.

Dungeon Overview and Level Annotations

Branches:
Dungeon (2/15)

Altars:


Message History

The adder hisses angrily.
You completely miss the adder. The adder barely misses you.
The adder bites you.
You closely miss the adder. The adder bites you but does no damage.
You slash the adder!
The adder is almost dead.
The adder bites you but does no damage. The adder closely misses you.
You slash the adder!
You kill the adder!
The gnoll hits you with a +0 flail.
You see here an adder corpse.
The gnoll attacks as you move away! The gnoll barely misses you.
You slash the gnoll!
The gnoll is severely wounded.
The gnoll misses you.
You barely miss the gnoll.
The gnoll is severely wounded.
The gnoll hits you with a +0 flail!
* * * LOW HITPOINT WARNING * * *
Throw: 2 throwing nets
Press: ? - help, Q - select action, (/) - cycle Shift-Dir - straight line, f/p - gnoll
Aim: a gnoll, wielding a +0 flail (severely wounded, strong, 64% to hit)
You throw a throwing net. The throwing net hits the gnoll.
The gnoll is caught in the net!
The gnoll is severely wounded.
The gnoll struggles against the net.
The gnoll struggles against the net.
The gnoll struggles against the net.
The gnoll struggles against the net.
A ball python comes into view.
The ball python hisses angrily.
The ball python bites you but does no damage.
The ball python closely misses you.
The ball python attacks as you move away!
The ball python bites you.
* * * LOW HITPOINT WARNING * * *
The ball python closely misses you. The ball python bites you.
* * * LOW HITPOINT WARNING * * *
The ball python grabs you. The ball python constricts you.
You die...

# . # # #.# ################### #
#.#####.................##### #
#..............S@.............###
#.#......#.##..####.#####.#......
........###.#..... #.###.### ..#
# #.#.##.##### #.# #.### ###
#.###.# #.# #.... ..# #.# #.# #.#
##### #.# #.# #.# #.# ..# #.# #.#
#.# #.## #.### #.#


You could see a ball python.

Vanquished Creatures
  A gnoll (D:2)
  2 adders (D:2)
  A dart slug (D:2)
  2 endoplasms
  2 giant cockroaches (D:2)
  2 hobgoblins
  A kobold (D:1)
  2 ball pythons (D:1)
  2 bats (D:1)
  4 goblins (D:1)
  3 rats
22 creatures vanquished.

Notes
Turn   | Place    | Note
-------+----------+-------------------------------------------
     0 | D:1      | davecave the Hill Orc Gladiator began the quest for the
                  | Orb.
     0 | D:1      | Reached XP level 1. HP: 18/18 MP: 1/1
   296 | D:1      | Reached XP level 2. HP: 26/26 MP: 2/2
  1082 | D:2      | Reached XP level 3. HP: 33/33 MP: 3/3
  1447 | D:2      | HP: 1/35 [ball python (1)]
  1447 | D:2      | Constricted to death by a ball python

Illustrated notes

Levels and vault maps discovered:
D:1:      dpeg_arrival_circle_labyrinth_a, layout_basic,
          dreamdust_princess_bridge
D:2:      layout_loops_ring, shapermc_ecumenical_altar_pompeii

Skill      XL: |  1  2 |
---------------+-------+-----
Fighting       | 3 4 |  4.9
Axes           | |  4.0
Throwing       | |  1.7
Dodging        | |  2.4

Action                   || total
-------------------------++-------
Melee: War axe           ||    59
Throw: Throwing net      ||     2
Armor: Leather armour    ||    10
       Robe              ||     6
Dodge: Dodged            ||    36

Table legend: (Time is in decaauts)
 A = Elapsed time spent in this place.
 B = Non-inter-level travel time spent in this place.
 C = Inter-level travel time spent in this place.
 D = Time resting spent in this place.
 E = Time spent auto-exploring this place.
 F = Levels seen in this place.
 G = Mean time per level.
                   A        B        C        D        E       F      G
               +--------+--------+--------+--------+--------+-----+--------+
         Total |   1464 |   1372 |     92 |      0 |   1139 |   2 |  732.0 |
       Dungeon |   1464 |   1372 |     92 |      0 |   1139 |   2 |  732.0 |
               +--------+--------+--------+--------+--------+-----+--------+

Top non-repeatable levels by time:
     D:1: 1038 daAuts
     D:2: 425 daAuts
